Map: Ruins of Endion

Players

IIIIIIIIIIII

  • Race: Terran Terran
  • League: Grandmaster

ThisGameSuck - Winner!

  • Race: Protoss Protoss
  • League: Grandmaster

VOD

Have the link to the VOD?

Description

Time

  • Played on: June 30, 2016, 10:17 a.m.
  • Length: 9:05
Show
View Real Time Build Order
Export as new Build Order

IIIIIIIIIIII Terran 

Build Orders:  

Get SALT Encoding   

  12  0:00  SCV  
  13  0:13  SCV  
  14  0:17  Supply Depot  
  14  0:25  SCV  
  15  0:40  SCV  
  15  0:41  Barracks  
  16  0:59  Barracks  
  16  1:04  Barracks  
  16  1:13  Supply Depot  
  16  1:31  Marine  
  16  1:32  Orbital Command  
  17  1:47  Barracks  
  17  1:49  Marine  
  18  1:55  Barracks  
  18  1:59  Marine  
  19  2:04  Marine  
  20  2:10  Marine  
  21  2:17  Marine  
  21  2:19  Supply Depot  
  21  2:22  Marine  
  23  2:28  Marine  
  24  2:34  Marine  
  24  2:35  Marine  
  26  2:40  Marine  
  26  2:42  Engineering Bay, Marine  
  28  2:46  Marine  
  29  2:54  Supply Depot  
  29  2:55  Marine  
  29  2:57  Marine  
  31  3:02  Marine  
  31  3:03  Marine  
  33  3:08  Marine  
  32  3:13  Marine  
  32  3:16  Marine  
  34  3:20  Marine  
  34  3:25  Marine  
  35  3:31  Marine  
  36  3:40  Marine  
  36  3:48  Marine  
  37  3:59  Marine x2  
  37  4:02  Marine  
  38  4:06  Marine  
  38  4:09  Marine  
  37  4:17  Marine  
  37  4:21  Marine  
  35  4:28  Marine x2  
  37  4:34  Marine  
  33  4:40  Marine  
  30  4:49  Marine x2  
  27  4:52  Marine  
  24  5:01  Marine x2  
  26  5:07  Marine  
  26  5:11  Marine  
  28  5:16  Marine  
  28  5:19  Marine  
  30  5:21  Marine  
  30  5:25  Marine  
  32  5:28  Marine  
  32  5:34  Marine  
  33  5:36  Marine  
  33  5:39  Marine  
  34  5:43  Marine  
  34  5:46  Marine  
  33  5:51  Marine  
  33  5:54  Marine  
  31  5:57  Marine  
  31  6:01  Marine  
  32  6:04  Marine  
  32  6:09  Marine  
  34  6:12  Marine  
  34  6:15  Marine  
  35  6:18  Marine  
  35  6:22  Marine  
  37  6:27  Marine  
  37  6:30  Marine  
  37  6:32  Marine  
  38  6:36  Marine  
  39  6:40  Marine  
  39  6:45  Marine  
  41  6:48  Marine  
  41  6:50  Marine  
  43  6:54  Marine  
  43  6:57  Marine  
  45  7:03  Marine  
  45  7:05  Marine  
  47  7:15  Marine  
  47  7:16  Marine  
  47  7:17  Marine  
  47  7:22  Marine  
  47  7:23  Marine  
  46  7:32  Marine  
  46  7:38  Marine  
  46  8:01  Marine  
  46  8:02  Marine  
  47  8:19  Marine  
  47  8:24  Marine  
  43  8:46  Bunker  
Show
View Real Time Build Order
Export as new Build Order

ThisGameSuck Protoss - Winner!

Build Orders: 1 Gate Expand 

Get SALT Encoding   

  12  0:00  Probe (Chrono Boost)  
  13  0:11  Probe (Chrono Boost)  
  14  0:18  Pylon  
  14  0:22  Probe (Chrono Boost)  
  15  0:36  Probe (Chrono Boost)  
  15  0:37  Gateway  
  16  0:43  Assimilator  
  16  0:47  Probe (Chrono Boost)  
  17  0:57  Probe (Chrono Boost)  
  18  1:08  Probe (Chrono Boost)  
  19  1:20  Nexus  
  19  1:29  Cybernetics Core  
  19  1:32  Probe (Chrono Boost)  
  20  1:39  Assimilator  
  20  1:43  Probe (Chrono Boost)  
  21  1:48  Pylon  
  21  1:53  Probe (Chrono Boost)  
  24  2:08  Mothership Core (Chrono Boost)  
  24  2:14  Adept  
  26  2:16  Warp Gate (Chrono Boost)  
  26  2:26  Probe (Chrono Boost)  
  28  2:37  Probe (Chrono Boost)  
  28  2:39  Probe (Chrono Boost)  
  29  2:44  Robotics Facility  
  29  2:48  Probe x2  
  31  2:59  Probe  
  31  3:00  Probe  
  31  3:05  Adept (Chrono Boost)  
  33  3:12  Probe  
  36  3:17  Gateway  
  36  3:21  Probe  
  36  3:23  Gateway  
  36  3:26  Probe  
  38  3:32  Observer (Chrono Boost)  
  38  3:33  Probe  
  40  3:38  Probe  
  40  3:39  Sentry  
  43  3:43  Pylon x2  
  43  3:45  Probe  
  44  3:58  Pylon  
  44  4:02  Pylon  
  43  4:16  Adept  
  36  4:17  Adept  
  30  4:33  Cybernetics Core  
  30  4:36  Zealot  
  30  4:38  Zealot  
  26  4:47  Probe  
  26  4:51  Probe  
  21  5:01  Zealot  
  21  5:05  Zealot  
  25  5:15  Probe  
  25  5:20  Pylon  
  25  5:23  Stalker  
  25  5:25  Sentry  
  29  5:46  Stalker x2  
  29  5:52  Stalker  
  29  5:55  Probe  
  32  6:07  Stalker  
  32  6:08  Probe  
  35  6:20  Probe  
  36  6:32  Probe  
  35  6:44  Nexus  
  35  6:52  Sentry  
  37  6:56  Adept  
  39  7:05  Pylon  
  39  7:27  Mothership Core  
  39  7:28  Adept x3  
  47  7:44  Pylon  
  47  8:00  Robotics Facility  
  47  8:08  Adept, Zealot  
  47  8:09  Zealot  
  47  8:11  Pylon  
  53  8:26  Probe  
  52  8:36  Stalker x3  
  50  8:57  Stalker  
  50  9:00  Stalker  
Tags
 
Add a new tag
Caveats
  • Supply blocks, unpowered buildings, or Contaminate may cause inaccurate times.
  • Supply counts are checked every 10 seconds.